 Dungeon Crawl Stone Soup version 0.22-a0-419-g492bfec (webtiles) character file.

690 Megalobster the Chopper (level 7, -1/58 HPs)
             Began as a Ghoul Monk on May 15, 2018.
             Was a Follower of Makhleb.
             Slain by a sky beast (6 damage)
             ... on level 5 of the Dungeon.
             The game lasted 00:15:48 (4355 turns).

Megalobster the Chopper (Ghoul Monk)                Turns: 4355, Time: 00:15:49

Health: -1/58      AC: 11    Str: 17    XL:     7   Next: 63%
Magic:  6/6        EV:  8    Int:  5    God:    Makhleb [*.....]
Gold:   296        SH:  0    Dex: 11    Spells: 6/6 levels left

rFire    . . .     SeeInvis .   o - +2 war axe (elec)
rCold    + . .     Gourm    .   (no shield)
rNeg     + + +     Faith    .   w - +0 chain mail
rPois    ∞         Spirit   .   f - +0 helmet
rElec    .         Reflect  .   (no cloak)
rCorr    .         Harm     +   r - +0 pair of gloves
MR       .....                  (no boots)
Stlth    ..........             n - amulet of harm
HPRegen  0.00/turn              (no ring)
MPRegen  0.10/turn              (no ring)

@: rotting
A: rotting body, claws 1, carnivore, cold resistance 1, negative energy
resistance 3, inhibited regeneration, torment resistance, unbreathing
a: Renounce Religion


You were on level 5 of the Dungeon.
You worshipped Makhleb.
Makhleb was aware of your devotion.
You were not hungry.

You visited 1 branch of the dungeon, and saw 5 of its levels.

You collected 296 gold pieces.

Inventory:

Hand Weapons
 a - a +1 hand axe
 h - a +0 hand axe
 o - a +2 war axe of electrocution (weapon)
 s - a +2 dagger of venom
Missiles
 g - 190 stones (quivered)
 i - 4 tomahawks
Armour
 b - a +0 robe
 e - a +0 leather armour
 f - a +0 helmet (worn)
 k - a +0 ring mail
 r - a +0 pair of gloves (worn)
 t - a +0 plate armour
 w - a +0 chain mail (worn)
Jewellery
 n - an amulet of harm (around neck)
Wands
 y - a wand of acid (11)
Scrolls
 d - 3 scrolls of teleportation
 p - a scroll of immolation
 u - 2 scrolls of remove curse {@r2}
 v - 2 scrolls of identify {@r1}
Potions
 j - a potion of might
 l - a potion of flight
 m - a potion of curing {@q1}
 q - a potion of heal wounds
 z - a potion of magic
Comestibles
 c - 8 rations


   Skills:
 + Level 3.9 Fighting
 * Level 6.5 Axes
 + Level 3.7 Armour
 - Level 2.6 Dodging
 - Level 2.1 Stealth
 * Level 0.5 Invocations


You had 6 spell levels left.
You didn't know any spells.
Your spell library was empty.

Dungeon Overview and Level Annotations

Branches:
Dungeon (5/15)
 Temple: D:4-7

Altars:
Makhleb
Vehumet
Wu Jian


Innate Abilities, Weirdness & Mutations

Your body is rotting away.
You thrive on raw meat.
You are immune to poison.
You have sharp fingernails.
You are carnivorous and can eat meat at any time.
Your flesh is cold resistant. (rC+)
You are immune to negative energy. (rN+++)
You do not regenerate when monsters are visible.
You are immune to unholy pain and torment.
You can survive without breathing.


Message History

The sky beast is moderately wounded.
The sky beast flickers out of sight!
Deactivating autopickup; reactivate with Ctrl-A.
Something hits you.
* * * LOW HITPOINT WARNING * * *
Something shocks you.
* * * LOW HITPOINT WARNING * * *
You take 10 damage, and have 8/58 hp.
You slash something! Something hits you but does no damage.
You miss something.
Something hits you but does no damage. x2
A sky beast appears from thin air!
Reactivating autopickup.
The sky beast flickers out of sight!
Deactivating autopickup; reactivate with Ctrl-A.
You barely miss something. Something hits you but does no damage.
You miss something. Something hits you but does no damage.
You barely miss something. Something hits you.
* * * LOW HITPOINT WARNING * * *
Something shocks you.
You die...

......### ##.. .>##.#
#............ ##... ###..#
##............ ##....
###..###............ ##.....
....<.............# #......
###...............# #......
#.................# #......
##...≈............###### ##.....
#.........≈...{@.##...### #.....
#.......................###..##.
##...........................#..
##.........################.###
###.....### ### #######


There were no monsters in sight!

Vanquished Creatures
  Grinder (D:4)
  An orc warrior (D:4)
  A howler monkey (D:4)
  A crimson imp (D:4)
  An orc wizard (D:4)
  An orc priest (D:4)
  3 worker ants
  Robin (D:2)
  4 gnolls (D:3)
  3 adders
  An ooze (D:3)
  An adder skeleton (D:4)
  A worm (D:3)
  5 dart slugs
  8 orcs
  5 bats
  3 giant cockroaches
  15 goblins
  8 hobgoblins
  6 jackals
  10 kobolds
  2 quokkas
  2 frilled lizards
  7 rats
91 creatures vanquished.

Notes
Turn   | Place    | Note
-------+----------+-------------------------------------------
     0 | D:1      | Megalobster the Ghoul Monk began the quest for the Orb.
     0 | D:1      | Reached XP level 1. HP: 19/19 MP: 0/0
    53 | D:1      | Reached skill level 3 in Axes
   143 | D:1      | Reached XP level 2. HP: 24/25 MP: 1/1
   542 | D:1      | Reached XP level 3. HP: 18/31 MP: 2/2
   772 | D:1      | Reached skill level 1 in Armour
  1486 | D:2      | Found an ornate altar of the Wu Jian Council.
  1547 | D:2      | Reached skill level 4 in Axes
  1609 | D:2      | Reached XP level 4. HP: 38/38 MP: 3/3
  1688 | D:2      | Noticed Robin
  1706 | D:2      | Killed Robin
  2095 | D:2      | Reached XP level 5. HP: 20/45 MP: 4/4
  2321 | D:3      | Found a faded altar of an unknown god.
  2963 | D:4      | Reached skill level 5 in Axes
  2965 | D:4      | Reached XP level 6. HP: 39/51 MP: 5/5
  3035 | D:4      | Noticed Grinder
  3049 | D:4      | Killed Grinder
  3049 | D:4      | Reached skill level 6 in Axes
  3049 | D:4      | Reached XP level 7. HP: 57/57 MP: 6/6
  3451 | D:4      | You fall through a shaft!
  3451 | D:5      | Entered Level 5 of the Dungeon
  3580 | D:4      | Found a radiant altar of Vehumet.
  3580 | D:4      | Found a burning altar of Makhleb.
  3596 | D:4      | Became a worshipper of Makhleb the Destroyer
  3596 | D:4      | Reached * piety under Makhleb
  3596 | D:4      | Reached ** piety under Makhleb
  4355 | D:5      | Slain by a sky beast

Vault maps used:
D:1:      matt_arrival_spirals, minmay_misc_feat_x
D:2:      lemuel_doored_altar, glass_columns_b, uniq_robin
D:3:      chequers_ecumenical_altar_simple_redux, first_ration,
          grunt_ministairs_11, minmay_box_of_dots
D:4:      kennysheep_spiral_hall, grunt_temple_overflow_lords_of_destruction,
          uniq_grinder
D:5:      okawaru_trees_1, minitemple

Skill      XL: |  1  2  3  4  5  6 |
---------------+-------------------+-----
Axes           | 3 4 5 6 |  6.5
Armour         | 1 2 3 |  3.7
Fighting       | |  3.9
Dodging        | |  2.6
Stealth        | |  2.1
Invocations    | |  0.5

Action                   |  1- 3 |  4- 6 |  7- 9 || total
-------------------------+-------+-------+-------++-------
Melee: Hand axe          |   127 |     1 |       ||   128
       War axe           |       |    97 |    65 ||   162
Throw: Stone             |    15 |     3 |       ||    18
  Use: Scroll            |     5 |     5 |     1 ||    11
       Potion            |       |     3 |     1 ||     4
 Stab: Distracted        |     1 |       |       ||     1
  Eat: Chunk             |     9 |    10 |     3 ||    22
Armor: Robe              |     5 |       |       ||     5
       Leather armour    |    18 |       |       ||    18
       Ring mail         |    20 |    35 |     2 ||    57
       Chain mail        |       |       |    39 ||    39
Dodge: Dodged            |   102 |    66 |    15 ||   183

Table legend:
 A = Spawn XP
 B = Non-spawn XP
 C = Spawn XP percentage of total XP
 D = Spawn monster count
 E = Non-spawn monster count
 F = Spawn count percentage of total count
 G = Total turns spent on level
                    A         B        C        D         E        F      G
               +---------+---------+-------+---------+---------+-------+---------
         Total |       0 |     986 |   0.0 |       0 |      91 |   0.0 |  4355
               +---------+---------+-------+---------+---------+-------+---------
           D:1 |       0 |      52 |   0.0 |       0 |      27 |   0.0 |  1187
           D:2 |       0 |     120 |   0.0 |       0 |      29 |   0.0 |  1025
           D:3 |       0 |      97 |   0.0 |       0 |      19 |   0.0 |   740
           D:4 |       0 |     678 |   0.0 |       0 |      14 |   0.0 |  1219
           D:5 |       0 |      39 |   0.0 |       0 |       2 |   0.0 |   184
               +---------+---------+-------+---------+---------+-------+---------
